Map: [ESL] Alcyone

Players

SpeCial - Winner!

  • Race: Terran Terran
  • Spawn Location: 7:00

Cham

  • Race: Zerg Zerg
  • Spawn Location: 1:00

Event: ESL SC2 Masters 2023 Winter (Regional)

VOD

Have the link to the VOD?

Description

Time

  • Played on: Nov. 9, 2023, 1:42 p.m.
  • Length: 10:30

All games in this series

Show
View Real Time Build Order
Export as new Build Order

SpeCial Terran - Winner!

Build Orders: Liberator Opening 

Get SALT Encoding   

  12  0:00  SCV  
  13  0:12  SCV  
  14  0:17  Supply Depot  
  14  0:24  SCV  
  15  0:39  SCV  
  15  0:40  Barracks  
  16  0:43  Refinery  
  16  0:51  SCV  
  16  0:52  Refinery  
  17  1:03  SCV  
  18  1:15  SCV  
  19  1:27  Orbital Command, Reaper  
  19  1:29  Supply Depot  
  20  1:45  Factory  
  21  1:54  SCV  
  21  1:59  Reaper  
  22  2:06  SCV  
  23  2:18  Command Center  
  23  2:20  SCV  
  24  2:29  Hellion  
  26  2:33  SCV  
  26  2:35  Reaper  
  28  2:40  Starport  
  28  2:45  SCV  
  28  2:47  Supply Depot  
  29  2:55  Hellion  
  31  3:09  SCV  
  32  3:16  Liberator  
  32  3:17  Barracks Reactor  
  32  3:19  Hellion  
  37  3:21  SCV  
  36  3:37  Orbital Command, SCV  
  36  3:48  Command Center  
  36  3:49  SCV  
  37  3:59  Hellion x2  
  37  4:02  Liberator  
  44  4:09  Barracks Tech Lab, SCV  
  45  4:13  SCV  
  46  4:20  Supply Depot  
  46  4:22  SCV  
  47  4:25  SCV  
  47  4:26  Cyclone  
  47  4:30  Cyclone  
  52  4:32  Marine  
  52  4:37  Stimpack  
  54  4:38  SCV  
  54  4:42  SCV  
  55  4:48  Barracks  
  55  4:49  Marine  
  55  4:50  SCV  
  57  4:54  SCV  
  57  4:56  Barracks  
  58  5:01  Orbital Command  
  58  5:07  Marine  
  58  5:08  SCV  
  58  5:11  SCV  
  61  5:20  SCV, Engineering Bay  
  62  5:22  Engineering Bay  
  62  5:23  SCV  
  63  5:29  Marine  
  63  5:31  Orbital Command  
  63  5:32  SCV  
  63  5:35  Factory Reactor, SCV  
  56  5:44  Barracks Reactor, SCV  
  56  5:48  SCV  
  56  5:49  Barracks  
  58  5:50  Starport Reactor  
  58  5:56  SCV, Marine  
  56  5:57  SCV  
  56  5:58  Terran Infantry Weapons Level 1, Terran Infantry Armor Level 1  
  56  5:59  Marine x2  
  57  6:08  Missile Turret, Refinery  
  57  6:09  SCV x2  
  59  6:12  Missile Turret  
  59  6:13  SCV  
  59  6:14  Marine  
  59  6:16  Supply Depot  
  59  6:17  Marine x2  
  63  6:18  Combat Shield  
  63  6:21  SCV x2  
  63  6:24  Factory Reactor, Marine  
  63  6:25  Marine  
  67  6:26  Missile Turret  
  67  6:27  Medivac  
  67  6:32  SCV, Marine  
  71  6:34  Barracks  
  71  6:35  Marine x2  
  71  6:36  Supply Depot  
  73  6:41  Medivac  
  73  6:42  Marine x2  
  73  6:46  SCV x2, Refinery  
  79  6:47  Marine  
  79  6:48  Marine  
  79  6:49  Marine  
  79  6:51  SCV  
  79  6:53  Marine x2  
  85  6:58  Supply Depot, SCV x2  
  85  7:00  Marine x2  
  88  7:03  SCV  
  88  7:05  Marine x2  
  88  7:07  Marine  
  91  7:10  Widow Mine  
  93  7:20  Medivac x2, Marine x2, SCV x2  
  93  7:21  Widow Mine, SCV, Marine x2  
  106  7:24  Armory  
  106  7:28  Marine  
  106  7:29  Marine  
  97  7:32  SCV  
  90  7:39  Marine x5  
  90  7:43  Bunker  
  90  7:44  Widow Mine x2  
  100  7:46  Marine x2  
  100  7:47  Barracks Reactor  
  100  7:48  Barracks  
  100  7:50  Missile Turret  
  101  7:54  Barracks  
  101  7:57  Marine x5  
  106  7:59  Medivac  
  106  8:03  Medivac  
  106  8:05  Marine x2  
  103  8:23  Marine x6  
  103  8:26  Missile Turret  
  109  8:36  Supply Depot x2  
  109  8:48  Marine  
  109  8:49  Marine x2  
  109  8:50  Marine  
  109  8:51  SCV, Marine  
  109  8:52  Marine x2  
  109  8:53  Marine  
  109  8:54  SCV, Marine  
  108  8:58  Widow Mine x2  
  108  9:02  Marine x2  
  106  9:04  Medivac  
  106  9:06  Marine, Medivac  
  106  9:07  Marine x2  
  106  9:08  Marine  
  106  9:09  Marine x2  
  115  9:10  Marine  
  115  9:11  Marine  
  115  9:12  Marine  
  115  9:13  Supply Depot  
  115  9:15  SCV  
  116  9:18  SCV x2  
  116  9:19  Widow Mine  
  116  9:20  Marine x2  
  122  9:24  Marine  
  122  9:25  Marine x2  
  125  9:34  Marine x3  
  125  9:35  Widow Mine, SCV, Medivac  
  133  9:42  Factory  
  133  9:43  Supply Depot  
  133  9:44  Refinery  
  133  9:49  Widow Mine, Marine x5  
  133  9:50  Command Center  
  140  9:55  SCV  
  141  10:02  SCV  
  141  10:03  Widow Mine, SCV  
  141  10:04  Marine  
Show
View Real Time Build Order
Export as new Build Order

Cham Zerg 

Build Orders: Hatch First 

Get SALT Encoding   

  12  0:00  Drone  
  13  0:12  Overlord  
  13  0:18  Drone  
  14  0:31  Drone x2  
  16  0:50  Hatchery  
  16  0:52  Drone  
  16  0:56  Drone  
  17  0:59  Drone  
  18  1:13  Spawning Pool  
  18  1:15  Extractor  
  16  1:18  Drone  
  16  1:22  Drone  
  18  1:29  Drone  
  19  1:39  Drone  
  20  1:50  Drone  
  21  2:03  Queen x2  
  21  2:04  Zergling x4  
  27  2:12  Overlord  
  27  2:13  Drone  
  28  2:17  Metabolic Boost  
  28  2:29  Overlord  
  28  2:31  Drone  
  28  2:34  Drone  
  28  2:36  Drone  
  31  2:39  Queen  
  33  2:46  Queen  
  33  2:47  Drone  
  33  2:50  Drone  
  37  3:00  Drone  
  37  3:01  Drone  
  37  3:05  Overlord  
  39  3:07  Drone  
  39  3:12  Spore Crawler  
  39  3:14  Spore Crawler  
  39  3:18  Drone x4  
  44  3:20  Overlord  
  44  3:23  Lair  
  44  3:38  Zergling x4  
  44  3:39  Zergling x2  
  47  3:42  Overlord  
  47  3:43  Drone  
  47  3:45  Extractor  
  47  3:47  Extractor  
  47  3:48  Extractor, Drone x4  
  46  3:54  Overlord  
  46  3:55  Zergling x4, Drone  
  52  4:00  Drone  
  53  4:03  Overlord  
  52  4:14  Drone  
  54  4:17  Drone  
  54  4:20  Overlord  
  54  4:25  Drone x5  
  54  4:30  Spire  
  53  4:35  Drone x2  
  55  4:39  Overlord  
  55  4:41  Drone  
  56  4:55  Hatchery  
  52  5:09  Drone x2  
  52  5:11  Overlord  
  52  5:13  Drone x3  
  57  5:22  Zergling x4  
  57  5:23  Zergling x2  
  57  5:27  Zergling x2  
  53  5:37  Zergling x4  
  53  5:38  Zergling x2  
  53  5:41  Zergling x2  
  52  5:44  Zergling x2  
  52  5:49  Zergling x2  
  51  5:54  Zergling x2  
  51  6:01  Drone x2  
  51  6:02  Drone  
  51  6:04  Drone  
  55  6:08  Mutalisk  
  57  6:12  Mutalisk  
  57  6:16  Mutalisk  
  61  6:19  Overlord  
  61  6:23  Mutalisk  
  63  6:28  Mutalisk x2  
  65  6:34  Mutalisk  
  65  6:37  Mutalisk  
  65  6:38  Mutalisk  
  71  6:41  Mutalisk  
  71  6:46  Mutalisk  
  75  6:48  Mutalisk  
  75  6:52  Mutalisk  
  79  6:54  Mutalisk  
  81  7:08  Overlord  
  81  7:09  Mutalisk x2  
  81  7:11  Overlord  
  83  7:15  Mutalisk  
  83  7:17  Zergling x4  
  83  7:18  Zergling x4  
  89  7:28  Mutalisk  
  89  7:29  Zergling x10  
  87  7:37  Mutalisk  
  87  7:38  Zergling x2  
  87  7:42  Queen  
  90  7:44  Drone x2  
  90  7:45  Drone  
  90  7:51  Drone x2  
  95  7:56  Drone  
  95  7:57  Baneling Nest  
  85  8:05  Mutalisk x2  
  85  8:06  Mutalisk  
  85  8:12  Zergling x12  
  94  8:17  Overlord  
  94  8:19  Drone  
  96  8:20  Drone  
  96  8:26  Mutalisk x2  
  100  8:29  Zergling x2  
  97  8:40  Overlord  
  92  8:41  Overseer  
  92  8:43  Mutalisk  
  92  8:44  Zergling x8  
  97  8:49  Queen  
  97  8:50  Mutalisk  
  97  8:51  Drone  
  97  8:52  Drone x3  
  97  8:53  Drone  
  99  8:59  Drone x3  
  99  9:00  Drone  
  99  9:01  Centrifugal Hooks  
  103  9:06  Overlord  
  103  9:10  Mutalisk  
  103  9:11  Drone x2  
  103  9:12  Drone  
  103  9:14  Drone  
  103  9:15  Drone  
  104  9:19  Zergling x6  
  107  9:26  Baneling x2  
  107  9:27  Zergling x6, Baneling x3  
  110  9:31  Zergling x2  
  110  9:32  Zergling x2  
  110  9:35  Mutalisk x2  
  110  9:37  Zergling x2  
  117  9:44  Baneling x2  
  117  9:46  Zergling x6  
  120  9:53  Baneling x4, Hatchery  
  120  9:54  Zergling x8  
  120  9:55  Zergling x2  
  120  9:56  Overseer  
  120  9:59  Zergling x2  
  124  10:01  Zergling x2  
  124  10:04  Zergling x2  
  124  10:05  Zergling x8  
Tags
 
Add a new tag
Caveats
  • Supply blocks, unpowered buildings, or Contaminate may cause inaccurate times.
  • Supply counts are checked every 10 seconds.